 Dungeon Sprint DCSS version 0.24.0-125-gc4c63601f3 (webtiles) character file.

Game seed: 1427697460416010560, levelgen mode: deterministic

429 McKennaii the Spear-Bearer (level 6, -3/55 HPs)
             Began as a Demonspawn Fighter on Mar 8, 2020.
             Was a Believer of Cheibriados.
             Slain by a troll (5 damage)
             ... in the Dungeon (Sprint IX: "|||||||||||||||||||||||||||||").
             The game lasted 00:01:40 (286 turns).

McKennaii the Spear-Bearer (Demonspawn Fighter)      Turns: 286, Time: 00:01:41

Health: -3/55      AC:  8    Str: 29    XL:     6   Next: 66%
Magic:  0/6        EV: 12    Int: 15    God:    Cheibriados [**....]
Gold:   0          SH:  0    Dex: 25    Spells: 5/5 levels left

rFire    . . .     SeeInvis .   o - +2 halberd (venom)
rCold    . . .     Gourm    .   (shield currently unavailable)
rNeg     . . .     Faith    .   b - +0 scale mail
rPois    .         Spirit   +   (no helmet)
rElec    .         Reflect  .   (no cloak)
rCorr    .         Harm     .   p - +0 pair of gloves
MR       .....     NoTele   +   (no boots)
Stlth    +.........             (no amulet)
HPRegen  0.18/turn              q - +3 ring of dexterity
MPRegen  0.10/turn              r - +3 ring of dexterity

@: mighty, very slow
A: hooves 2, nightstalker 1, magic shield
a: Bend Time, Renounce Religion


You were in the Dungeon.
You worshipped Cheibriados.
Cheibriados was pleased with you.
You were not hungry.

You visited 1 branch

Inventory:

Hand Weapons
 a - a +0 trident
 o - a +2 halberd of venom (weapon)
Armour
 b - a +0 scale mail (worn)
 c - a +0 shield
 p - a +0 pair of gloves (worn)
Jewellery
 q - a +3 ring of dexterity (left hand)
 r - a +3 ring of dexterity (right hand)
Wands
 n - a wand of acid (10)
Scrolls
 k - 2 scrolls of blinking
 l - 3 scrolls of remove curse
 m - 2 scrolls of amnesia
Potions
 e - 5 potions of curing
 g - 3 potions of heal wounds
 h - a potion of haste
 i - 4 potions of magic
 j - a potion of invisibility
Comestibles
 f - a ration
 s - a chunk of flesh


   Skills:
 + Level 7.5 Fighting
 * Level 10.0 Polearms
 + Level 6.2 Armour
 + Level 2.2 Dodging
 - Level 2.6 Shields


You had 5 spell levels left.
You didn't know any spells.
Your spell library was empty.

Dungeon Overview and Level Annotations

Branches:
Dungeon (1/1)

Altars:
Cheibriados
Dithmenos
Elyvilon
Fedhas
Gozag
Hepliaklqana
Kikubaaqudgha
Makhleb
Nemelex Xobeh
Okawaru
Qazlal
Ru
Sif Muna
Trog
Uskayaw
Vehumet
Wu Jian
Xom
Yredelemnul
Zin
The Shining One
Beogh
Jiyva
Lugonu


Innate Abilities, Weirdness & Mutations

You have hoof-like feet.
You are slightly more attuned to the shadows.
When hurt, damage is shared between your health and your magic reserves.


Message History

Your Polearms skill gained 2 levels and is now at level 10!
Your Armour skill increases to level 6!
Your Dodging skill increases to level 2!
Okay, then.
You feel very mighty all of a sudden. The troll bites you!
The troll closely misses you. The troll claws you but does no damage.
You slash the troll!
The troll is poisoned.
Your kick misses the troll.
The troll is moderately wounded.
The troll completely misses you. The troll closely misses you.
The troll misses you.
Unknown command.
You closely miss the troll. You kick the troll!
The troll is heavily wounded.
The troll bites you!
* * * LOW HITPOINT WARNING * * *
The troll claws you!
* * * LOW HITPOINT WARNING * * *
The troll claws you.
You die... ▓▓▓▓▓▓▓▓▓▓▓▓▓▓▓▓▓▓▓▓▓▓▓ '..|).[[..÷)....@TtcZF. ▓▓▓▓▓▓▓▓▓▓▓▓▓▓▓▓▓▓▓▓▓▓▓

You could see a centaur warrior, a troll, a crocodile, a bullfrog and a jackal skeleton.

Vanquished Creatures
  2 wyverns (D)
  A howler monkey (D)
  A hound (D)
  A jelly (D)
  A worker ant (D)
  An adder zombie (D)
  A dart slug (D)
  A leopard gecko (D)
  An orc (D)
  2 bats (D)
  A bat zombie (D)
  A kobold (D)
  2 quokkas (D)
  A frilled lizard (D)
17 creatures vanquished.

Notes
Turn   | Place    | Note
-------+----------+-------------------------------------------
     0 | D        | McKennaii the Demonspawn Fighter began the quest for the
                  | Orb.
     0 | D        | Reached XP level 1. HP: 18/18 MP: 1/1
     7 | D        | Reached skill level 2 in Polearms
    30 | D        | Noticed a howler monkey
    32 | D        | Gained mutation: You have large cloven feet. [demonic
                  | ancestry]
    32 | D        | Reached XP level 2. HP: 19/25 MP: 2/2
    44 | D        | Reached skill level 3 in Polearms
    45 | D        | Killed a howler monkey
    45 | D        | Reached skill level 4 in Polearms
    45 | D        | Gained mutation: When hurt, damage is shared between your
                  | health and your magic reserves. [demonic ancestry]
    45 | D        | Reached XP level 3. HP: 31/31 MP: 3/3
    54 | D        | Found a roughly hewn altar of Beogh.
    54 | D        | Found a snail-covered altar of Cheibriados.
    54 | D        | Found a shadowy altar of Dithmenos.
    54 | D        | Found a white marble altar of Elyvilon.
    54 | D        | Found a blossoming altar of Fedhas.
    54 | D        | Found an opulent altar of Gozag.
    55 | D        | Found a hazy altar of Hepliaklqana.
    56 | D        | Found a viscous altar of Jiyva.
    57 | D        | Found an ancient bone altar of Kikubaaqudgha.
    58 | D        | Became a worshipper of Cheibriados the Contemplative
    59 | D        | Found a corrupted altar of Lugonu.
    60 | D        | Found a burning altar of Makhleb.
    61 | D        | Found a sparkling altar of Nemelex Xobeh.
    62 | D        | Found an iron altar of Okawaru.
    63 | D        | Found a stormy altar of Qazlal.
    64 | D        | Found a sacrificial altar of Ru.
    65 | D        | Found a shimmering blue altar of Sif Muna.
    66 | D        | Found a bloodstained altar of Trog.
    67 | D        | Found a hide-covered altar of Uskayaw.
    68 | D        | Found a radiant altar of Vehumet.
    69 | D        | Found an ornate altar of the Wu Jian Council.
    70 | D        | Found a shimmering altar of Xom.
    71 | D        | Found a basalt altar of Yredelemnul.
    72 | D        | Found a glowing silver altar of Zin.
    73 | D        | Found a glowing golden altar of the Shining One.
   121 | D        | Noticed a wyvern
   126 | D        | Reached * piety under Cheibriados
   126 | D        | Reached skill level 5 in Fighting
   126 | D        | Reached skill level 5 in Polearms
   126 | D        | Reached skill level 1 in Dodging
   126 | D        | Gained mutation: You are slightly more attuned to the
                  | shadows. [demonic ancestry]
   126 | D        | Reached XP level 4. HP: 36/39 MP: 4/4
   128 | D        | Reached skill level 5 in Armour
   129 | D        | Reached skill level 6 in Polearms
   131 | D        | Reached ** piety under Cheibriados
   131 | D        | Reached XP level 5. HP: 35/46 MP: 5/5
   135 | D        | Killed a wyvern
   135 | D        | Reached skill level 8 in Polearms
   135 | D        | Gained mutation: You have hoof-like feet. [demonic
                  | ancestry]
   135 | D        | Reached XP level 6. HP: 33/53 MP: 6/6
   279 | D        | Noticed a wyvern
   279 | D        | Noticed a troll
   279 | D        | Noticed a centaur warrior
   283 | D        | Killed a wyvern
   283 | D        | Reached skill level 10 in Polearms
   286 | D        | HP: 2/55 [troll (6)]
   286 | D        | Slain by a troll

Levels and vault maps discovered:
D:        linesprint [early_d, line_temple, items_1, d_10, items_2, lair_1,
          lair_end, items_3, orc_1, orc_end, items_4, d_15, swamp_1, shoals_1,
          snake_1, spider_1, d_20, vaults_1, items_5, swamp_end, shoals_end,
          snake_end, spider_end, vaults_end, d_27, items_6, zot_1, zot_end,
          crypt_end, forest_end, elf_end, slime_end, tomb_end, abyss_end,
          pan_hell_end]

Skill      XL: |  1  2  3  4  5  6 |
---------------+-------------------+-----
Polearms       | 2 4 5 6 8 10 | 10.0
Armour         | 3 4 5 6 |  6.2
Fighting       | 4 5 6 7 |  7.5
Dodging        | 1 2 |  2.2
Shields        | |  2.6

Action                   |  1- 3 |  4- 6 || total
-------------------------+-------+-------++-------
Melee: Trident           |    26 |       ||    26
       Kick              |     1 |     8 ||     9
       Halberd           |     5 |    15 ||    20
  Use: Potion            |     1 |     1 ||     2
Armor: Scale mail        |    16 |     5 ||    21
Dodge: Dodged            |    10 |    10 ||    20
Block: Shield            |    12 |       ||    12
